 Dungeon Crawl Stone Soup version 0.29-a0-472-ge5599a681e (webtiles) character file.

Game seed: 17358326511644246740

0 Sabo the Insei (level 1, -3/13 HPs)
             Began as an Octopode Transmuter on May 23, 2022.
             Killed from afar by a dart slug (6 damage)
             ... with a slug dart
             ... on level 1 of the Dungeon.
             The game lasted 00:01:03 (104 turns).

Sabo the Insei (Octopode Transmuter)                 Turns: 104, Time: 00:01:06

Health: -3/13      AC:  1    Str:  9    XL:     1   Next: 10%
Magic:  2/3        EV: 13    Int: 21    God:
Gold:   10         SH:  0    Dex: 12    Spells: 3/4 levels left

rFire   . . .      SeeInvis .   b - +0 short sword
rCold   . . .      Faith    .   (no shield)
rNeg    . . .      Spirit   .   (helmet currently unavailable)
rPois   .          Reflect  .   (no amulet)
rElec   .          Harm     .   e - +6 ring of intelligence
rCorr   .          Rampage  .   (no ring)
Will    .....                   (no ring)
Stlth   ++........              (no ring)
HPRegen 0.04/turn               (no ring)
MPRegen 0.08/turn               (no ring)
                                (no ring)
                                (no ring)

@: appendages (expiring)
A: tentacle spike 3, almost no armour, amphibious, 8 rings, camouflage 1,
gelatinous body 1, (nimble swimmer 1), tentacles
a: End Transformation


You were on level 1 of the Dungeon.
One of your tentacles had grown a beastly spike.
You visited 1 branch of the dungeon, and saw 1 of its levels.

You collected 10 gold pieces.

Inventory:

Hand Weapons
 b - a +0 short sword (weapon)
Jewellery
 e - a +6 ring of intelligence (left tentacle)
Scrolls
 c - 2 scrolls of enchant armour {unknown}
 d - a scroll of identify {unknown}
Potions
 a - a potion of lignification


   Skills:
 + Level 1.0 Fighting
 + Level 2.0 Dodging
 + Level 3.0 Unarmed Combat
 + Level 2.0 Spellcasting
 + Level 2.0 Transmutations


You had 3 spell levels left.
You knew the following spells:

 Your Spells              Type           Power      Damage    Failure   Level
a - Beastly Appendage     Tmut           20%        N/A       6%          1

Your spell library contained the following spells:

 Spells                   Type           Power      Damage    Failure   Level
 Wereblood                Tmut           10%        N/A       10%         2
 Spider Form              Tmut/Pois      6%         N/A       28%         3
 Ice Form                 Ice/Tmut       6%         N/A       67%         4


Dungeon Overview and Level Annotations

Branches:
Dungeon (1/15)

Altars:


Innate Abilities, Weirdness & Mutations

One of your tentacles has grown a beastly spike.
You cannot wear most types of armour.
You are amphibious.
You can wear up to eight rings at the same time.
Your skin changes colour to match your surroundings (Stealth+).
Your rubbery body absorbs attacks. (AC +1, EV +1)
((You are camouflaged when in or above water. (Stealth+)))
You have tentacles for arms and can constrict up to eight enemies at once.


Message History

b - a +0 short sword (weapon)
Found 2 scrolls labelled POX KEESOQ.
Found a scroll labelled ASMUNYU BAEMA and an emerald ring.
Found an escape hatch in the floor.
c - 2 scrolls labelled POX KEESOQ
d - a scroll labelled ASMUNYU BAEMA
Found a stone staircase leading down.
e - a +6 ring of intelligence You feel clever.
e - a +6 ring of intelligence (left tentacle)
There is a stone staircase leading down here.
A rat comes into view.
A kobold comes into view. It is wielding a +0 dagger.
The kobold shouts!
A goblin comes into view. It is wielding a +0 club.
The goblin shouts!
Casting: Beastly Appendage (safe; 6% risk of failure)
Confirm with . or Enter, or press ? or * to list all spells.
One of your tentacles grows a vicious spike.
The rat barely misses you.
You closely miss the rat. You grab the rat.
Your transformation is almost over.
You constrict the rat. The kobold barely misses you. The rat bites you.
You hit the rat.
You kill the rat!
The kobold hits you with a +0 dagger.
A dart slug comes into view.
The goblin barely misses you. The kobold barely misses you.
You hit the kobold but do no damage. Your grab misses the kobold.
You pierce the kobold.
The kobold is moderately wounded.
The goblin hits you with a +0 club. The kobold hits you with a +0 dagger.
* * * LOW HITPOINT WARNING * * *
You closely miss the kobold. You grab the kobold.
The kobold is moderately wounded.
You constrict the kobold.
You kill the kobold!
The dart slug launches a dart at you. The slug dart hits you.
You die...

#.#....#....#.# .
#.##...###....# #
#>..............
#.##.########..>...
#............ .....
####.....### ....
#.....# ....
#.....# #.@)..#
#..g..+ #.....#
###..... .......
w...... .#.....
.#.....


You could see a dart slug and a goblin.

Vanquished Creatures
  A kobold (D:1)
  A rat (D:1)
2 creatures vanquished.

Notes
Turn   | Place    | Note
-------+----------+-------------------------------------------
     0 | D:1      | Sabo the Octopode Transmuter began the quest for the Orb.
     0 | D:1      | Reached XP level 1. HP: 13/13 MP: 3/3
   104 | D:1      | Killed from afar by a dart slug

Illustrated notes

Levels and vault maps discovered:
D:1:      sevenhm_arrival_forest_fort_large_2, layout_basic

Action                   || total
-------------------------++-------
Melee: Short sword       ||     4
       Constrict         ||     2
       Kick              ||     1
 Cast: Beastly Appendage ||     1
Dodge: Dodged            ||     4

Table legend: (Time is in decaauts)
 A = Elapsed time spent in this place.
 B = Non-inter-level travel time spent in this place.
 C = Inter-level travel time spent in this place.
 D = Time resting spent in this place.
 E = Time spent auto-exploring this place.
 F = Levels seen in this place.
 G = Mean time per level.
                   A        B        C        D        E       F      G
               +--------+--------+--------+--------+--------+-----+--------+
         Total |    103 |    103 |      0 |      0 |      0 |   1 |  103.0 |
       Dungeon |    103 |    103 |      0 |      0 |      0 |   1 |  103.0 |
               +--------+--------+--------+--------+--------+-----+--------+

Top non-repeatable levels by time:
     D:1: 103 daAuts
